 Dungeon Crawl Stone Soup version 0.23-a0-642-g3120c2f5a9 (webtiles) character file.

277 HereIgoKillingAgain the Slinger (level 6, -4/39 HPs)
             Began as a Halfling Hunter on Dec 31, 2018.
             Slain by Pikel
             ... wielding a +2 whip of flaming
              (7 damage)
             ... on level 4 of the Dungeon.
             The game lasted 00:01:38 (2096 turns).

HereIgoKillingAgain the Slinger (Halfling Hunter)   Turns: 2096, Time: 00:01:39

Health: -4/39      AC:  4    Str: 10 (13) XL:     6   Next: 51%
Magic:  6/6        EV: 14    Int:  6 (9)  God:
Gold:   191        SH:  0    Dex: 14 (17) Spells: 5/5 levels left

rFire    . . .     SeeInvis .   a - +1 hunting sling
rCold    . . .     Gourm    .   (shield restricted)
rNeg     . . .     Faith    .   c - +1 leather armour
rPois    .         Spirit   .   (no helmet)
rElec    .         Reflect  .   (no cloak)
rCorr    .         Harm     .   (no gloves)
MR       .....     Clarity  +   (no boots)
Stlth    +.........             (no amulet)
HPRegen  0.13/turn              (no ring)
MPRegen  0.10/turn              (no ring)

@: about to teleport, flying
A: small, clarity, deterioration 1, mutation resistance 1, wild magic 1
a: no special abilities


You were on level 4 of the Dungeon.
You were not hungry.

You visited 1 branch of the dungeon, and saw 4 of its levels.

You collected 191 gold pieces.

Inventory:

Hand Weapons
 a - a +1 hunting sling (weapon)
 b - a +0 short sword
Missiles
 d - 41 sling bullets (quivered)
 i - 63 stones
Armour
 c - a +1 leather armour (worn)
Jewellery
 g - an uncursed ring of stealth {unknown}
Wands
 s - a wand of polymorph (10)
 t - a wand of acid (11)
Scrolls
 e - a scroll of fog {unknown}
 h - a scroll of noise
 j - a scroll of remove curse {unknown}
 l - a scroll of enchant weapon {unknown}
 m - a scroll of random uselessness
 n - a scroll of enchant armour
 q - 2 scrolls of identify {unknown}
Potions
 o - a potion of degeneration
Comestibles
 f - 4 rations


   Skills:
 - Level 1.7 Fighting
 + Level 10.4 Slings
 - Level 2.1 Dodging
 - Level 1.1 Stealth


You had 5 spell levels left.
You didn't know any spells.
Your spell library contained the following spells:

 Spells                   Type           Power        Failure   Level  Hunger
 Beastly Appendage        Tmut           #.....       65%         1    ##.....
 Sticks to Snakes         Tmut           #.......     78%         2    ###....
 Spider Form              Tmut/Pois      #.........   94%         3    ####...
 Ice Form                 Ice/Tmut       #.......     100%        4    #####..
 Blade Hands              Tmut           #.........   100%        5    ######.


Dungeon Overview and Level Annotations

Branches:
Dungeon (4/15)
 Temple: D:4-7

Altars:
Cheibriados

Annotations:
D:4 Pikel


Innate Abilities, Weirdness & Mutations

You are small and have problems with some larger weapons.
You are somewhat resistant to further mutation.
You possess an exceptional clarity of mind.
Your body sometimes deteriorates upon taking damage.
Your spells are a little harder to cast, but a little more powerful.


Message History

You hear a loud clanging noise!
It was a scroll of noise.
Pikel misses you.
As you read the scroll labeled POUDDY JAYDEU, it crumbles to dust.
You hear whistling wind.
It was a scroll of random uselessness.
Pikel hits you with a +2 whip of flaming.
* * * LOW HITPOINT WARNING * * *
Pikel burns you.
* * * LOW HITPOINT WARNING * * *
As you read the scroll labeled KOODISS DACW, it crumbles to dust.
It is a scroll of enchant armour.
Your +0 leather armour glows green for a moment.
Pikel hits you with a +2 whip of flaming.
* * * LOW HITPOINT WARNING * * *
Pikel burns you.
* * * LOW HITPOINT WARNING * * *
As you read the scroll labeled RUMIXT FELYH, it crumbles to dust.
You feel strangely unstable.
It was a scroll of teleportation.
Pikel hits you with a +2 whip of flaming!
You die...

.. .. #.##. .((.
..p .( #.# #.#
#p#### #.# #ppK@#
#.# #.##.#
######.# #.##.#
###...##.# #.##.#
#......#.# #.##.#
.........####.##.#
.................#
........#####.####
......)..## #.#


You could see Pikel and 3 slaves.

Vanquished Creatures
  A howler monkey (D:3)
  A hound (D:4)
  An iguana (D:4)
  A worker ant (D:4)
  3 gnolls (D:2)
  2 adders (D:2)
  3 worms (D:2)
  4 dart slugs
  3 leopard geckos (D:2)
  4 orcs (D:3)
  3 giant cockroaches
  13 goblins
  12 hobgoblins
  2 jackals (D:1)
  8 kobolds
  4 quokkas
  A ball python (D:1)
  6 bats
  11 frilled lizards
  A leopard gecko skeleton (D:4)
  5 rats
89 creatures vanquished.

Vanquished Creatures (others)
  4 plants (D:2)
4 creatures vanquished.

Grand Total: 93 creatures vanquished

Notes
Turn   | Place    | Note
-------+----------+-------------------------------------------
     0 | D:1      | HereIgoKillingAgain the Halfling Hunter began the quest for
                  | the Orb.
     0 | D:1      | Reached XP level 1. HP: 14/14 MP: 1/1
    39 | D:1      | Reached skill level 6 in Slings
    44 | D:1      | Reached XP level 2. HP: 19/19 MP: 2/2
   205 | D:1      | Found a snail-covered altar of Cheibriados.
   383 | D:1      | Reached skill level 7 in Slings
   383 | D:1      | Reached XP level 3. HP: 24/24 MP: 3/3
   615 | D:2      | Reached XP level 4. HP: 29/29 MP: 4/4
   742 | D:2      | Reached skill level 8 in Slings
  1232 | D:2      | Reached XP level 5. HP: 34/34 MP: 5/5
  1238 | D:2      | Reached skill level 9 in Slings
  1600 | D:3      | Reached XP level 6. HP: 39/39 MP: 6/6
  1986 | D:4      | Reached skill level 10 in Slings
  2067 | D:4      | Noticed a slave
  2067 | D:4      | Noticed a slave
  2067 | D:4      | Noticed Pikel
  2070 | D:4      | Noticed a slave
  2077 | D:4      | Gained mutation: Your spells are a little harder to cast,
                  | but a little more powerful. [potion of mutation]
  2077 | D:4      | Gained mutation: Your body sometimes deteriorates upon
                  | taking damage. [potion of mutation]
  2077 | D:4      | Gained mutation: You possess an exceptional clarity of
                  | mind. [potion of mutation]
  2096 | D:4      | Slain by Pikel

Vault maps used:
D:1:      matt_arrival_grand_opening, cheibriados_altar_1
D:2:      minmay_lizard_king
D:3:      serial_glass, glass_columns_a, glass_columns_a, due_unseen_surprise,
          item_on_display_a, minmay_strange_pillars
D:4:      gup_sewer_entry_spiral, kennysheep_decorative_pillar,
          columned_hall_lemuel, uniq_pikel

Skill      XL: |  1  2  3  4  5  6 |
---------------+-------------------+-----
Slings         | 6 7 8 9 10 | 10.4
Fighting       | |  1.7
Dodging        | |  2.1
Stealth        | |  1.1

Action                   |  1- 3 |  4- 6 || total
-------------------------+-------+-------++-------
 Fire: Hunting sling     |    48 |   198 ||   246
  Use: Scroll            |       |     4 ||     4
       Potion            |       |     3 ||     3
  Eat: Chunk             |       |     2 ||     2
       Ration            |       |     1 ||     1
Armor: Leather armour    |       |     6 ||     6
Dodge: Dodged            |     1 |    27 ||    28

Table legend:
 A = Non-vault XP
 B = Vault XP
 C = Vault XP percentage of total XP
 D = Non-vault monster count
 E = Vault monster count
 F = Vault count percentage of total count
                 A         B        C        D         E       F
            +---------+---------+-------+---------+---------+-------
      Total |     385 |      12 |   3.0 |      79 |      10 |  11.2
            +---------+---------+-------+---------+---------+-------
        D:1 |      45 |       0 |   0.0 |      23 |       0 |   0.0
        D:2 |     124 |      12 |   8.8 |      27 |      10 |  27.0
        D:3 |     102 |       0 |   0.0 |      25 |       0 |   0.0
        D:4 |     114 |       0 |   0.0 |       4 |       0 |   0.0
            +---------+---------+-------+---------+---------+-------
